 Dungeon Crawl Stone Soup version 0.29.1-15-g9cfb28693d (webtiles) character file.

Game seed: 16313077357389270514

133 hawla the Firebug (level 5, -2/38 HPs)
             Began as a Meteoran Fire Elementalist on Apr 25, 2023.
             Slain by a scorpion (7 damage)
             ... on level 4 of the Dungeon.
             The game lasted 00:06:01 (842 turns).

hawla the Firebug (Meteoran Fire Elementalist)       Turns: 842, Time: 00:06:01

Health: -2/38      AC:  2    Str:  9    XL:     5   Next: 67%
Magic:  11/11      EV: 13    Int: 19    God:
Gold:   61         SH:  0    Dex: 14    Spells: 3/10 levels left

rFire   . . .      SeeInvis .   j - +0 dagger (venom)
rCold   . . .      Faith    .   (no shield)
rNeg    . . .      Spirit   .   a - +0 robe
rPois   .          Reflect  .   (no helmet)
rElec   .          Harm     .   (no cloak)
rCorr   .          Rampage  .   (no gloves)
Will    .....                   (no boots)
Stlth   +.........              (no amulet)
HPRegen 0.12/turn               (no ring)
MPRegen 0.12/turn               (no ring)

@: confused, lethally poisoned (-2 -> -12), ambrosia-drunk, very slightly
contaminated, glowing
A: sense surroundings 1, otherworldly, glowing, explore regen
a: no special abilities


You were on level 4 of the Dungeon.
You visited 1 branch of the dungeon, and saw 4 of its levels.

You collected 61 gold pieces.

Inventory:

Hand Weapons
 j - a +0 dagger of venom (weapon)
Armour
 a - a +0 robe (worn)
Scrolls
 d - a scroll of teleportation
Potions
 e - a potion of invisibility
 g - a potion of brilliance {unknown}


   Skills:
 - Level 3.2 Dodging
 - Level 1.4 Stealth
 - Level 3.4 Spellcasting
 + Level 4.1 Conjurations
 - Level 4.5 Fire Magic


You had 3 spell levels left.
You knew the following spells:

 Your Spells              Type           Power      Damage    Failure   Level
a - Foxfire               Conj/Fire      76%        2x1d7     2%          1
b - Scorch                Fire           40%        2d7       3%          2
c - Flame Wave            Conj/Fire      19%        2d7       24%         4

Your spell library contained the following spells:

 Spells                   Type           Power      Damage    Failure   Level
 Conjure Flame            Conj/Fire      19%        6-21      8%          3
 Inner Flame              Hex/Fire       11%        N/A       17%         3
 Ignite Poison            Fire/Tmut/Pois 9%         N/A       24%         3
 Mephitic Cloud           Conj/Pois/Air  8%         N/A       26%         3
 Freezing Cloud           Conj/Ice/Air   4%         6-21      93%         5


Dungeon Overview and Level Annotations

Branches:
Dungeon (4/15) Zot: 1559   Temple (0/1) D:4

Altars:
Uskayaw

Annotations:
D:4 Edmund


Innate Abilities, Weirdness & Mutations

You passively map a small area around you.
You are easily found by Zot.
You glow in the dark.
You regain HP and MP as you explore.


Message History

The spell is quite dangerous to miscast (24% risk of failure)!
Continue anyway?
Casting: Flame Wave (quite dangerous; 24% risk of failure)
Press: ? - help, Dir - look around, f - activate Really fire at your butterfly?
Okay, then.
You closely miss the iguana. The iguana bites you!
You barely miss the scorpion. The scorpion stings you.
You are poisoned.
The scorpion poisons you!
Something closely misses your butterfly.
The iguana barely misses you.
You hit the scorpion but do no damage.
The scorpion is poisoned.
You feel sick. The scorpion barely misses you. Something hits your butterfly!
Your butterfly dies!
Your butterfly disappears in a burst of colours!
The iguana bites you!
* * * LOW HITPOINT WARNING * * *
The scorpion stings you.
* * * LOW HITPOINT WARNING * * *
You are lethally poisoned!
The scorpion poisons you!
It was a potion of ambrosia.
You are confused.
You feel invigorated.
* * * LOW HITPOINT WARNING * * *
You feel very sick.
An orc comes into view. It is wielding a +0 hand axe.
The iguana bites you.
* * * LOW HITPOINT WARNING * * *
Edmund the Younger comes into view.
He is wielding a +4 flail of protection and wearing a +1 ring mail of fire resistance.
The scorpion closely misses you.
Are you sure you want to stumble around while confused and next to your butterfly?
You barely miss your butterfly.
Your butterfly disappears in a burst of colours!
* * * LOW HITPOINT WARNING * * *
You feel sick. The iguana bites you.
* * * LOW HITPOINT WARNING * * *
The scorpion closely misses you. The scorpion attacks as you move away!
The scorpion stings you!
You die...

***************,,,,,,,*
***
,,,,,,,,,,,,,,,,,,,,,,*
*,**
*********,*****,,,,,,,*
*,,* ***
*,*,,*,***###**** **,**
,,** **,*,*,,,,,#(#
*,,*
,,,***,,******,#..#
**,*
*,,,,,,,*..#.####o# *,*
*,*,,,***,#@...s#l# *,*
*,*,*** *,****,#@.# *,*
*,,,* *,,*,**#####* *,*
,,,,* *,*,,,,,*,#.#*
*,* ***,*
******,#.,*..* *,* *,**
***#.##.* *,* *,,**
#....## *,, * **,,****
***#.<# **, *****,,,,*
##.#* *, ,,,,,,,*,*
#..*** *,


You could see Edmund, a scorpion (very poisoned), an iguana and an orc.

Vanquished Creatures
  Jessica (D:2)
  3 gnolls (D:3)
  3 adders
  A dart slug (D:3)
  5 orcs (D:3)
  5 bats
  2 endoplasms
  A giant cockroach (D:2)
  3 goblins
  4 hobgoblins
  2 jackals (D:1)
  3 quokkas
  2 ball pythons
  3 frilled lizards
  5 kobolds
  2 rats
45 creatures vanquished.

Vanquished Creatures (others)
  66 foxfires
66 creatures vanquished.

Grand Total: 111 creatures vanquished

Notes
Turn   | Place    | Note
-------+----------+-------------------------------------------
     0 | D:1      | hawla the Meteoran Fire Elementalist began the quest for
                  | the Orb.
     0 | D:1      | Reached XP level 1. HP: 14/14 MP: 5/5
    81 | D:1      | Reached XP level 2. HP: 18/20 MP: 4/7
   254 | D:1      | Reached XP level 3. HP: 14/26 MP: 2/8
   294 | D:2      | Learned a level 2 spell: Scorch
   319 | D:2      | Noticed Jessica
   323 | D:2      | Killed Jessica
   324 | D:2      | Reached XP level 4. HP: 33/33 MP: 5/10
   369 | D:3      | Learned a level 4 spell: Flame Wave
   572 | D:3      | Reached XP level 5. HP: 24/38 MP: 4/11
   727 | D:3      | Found a hide-covered altar of Uskayaw.
   730 | D:3      | Noticed a +0 dagger
   730 | D:3      | Noticed a +0 hand axe
   840 | D:4      | Noticed Edmund
   842 | D:4      | Slain by a scorpion

Illustrated notes

Levels and vault maps discovered:
D:1:      denvon_arrival_planthouse, layout_loops_ring,
          shapermc_ecumenical_altar_pompeii
D:2:      minmay_roachtagon, layout_loops_ring, uniq_jessica
D:3:      layout_loops_corners, dancing_weapons_uskayaw
D:4:      minmay_angry_zag, layout_rooms, temple_pool_b, minmay_strange_pillars,
          uniq_edmund

Skill      XL: |  1  2  3  4  5 |
---------------+----------------+-----
Spellcasting   | 3 |  3.4
Fire Magic     | 4 |  4.5
Dodging        | 3 |  3.2
Conjurations   | 3 4 |  4.1
Stealth        | |  1.4

Action                   |  1- 3 |  4- 6 || total
-------------------------+-------+-------++-------
Melee: Unarmed           |     8 |     2 ||    10
       Dagger            |       |     8 ||     8
 Cast: Foxfire           |    32 |    13 ||    45
       Scorch            |     1 |    10 ||    11
       Flame Wave        |       |     2 ||     2
  Use: Scroll            |       |     6 ||     6
       Potion            |       |     2 ||     2
Armor: Robe              |     4 |     1 ||     5
Dodge: Dodged            |    20 |    15 ||    35
